 Dungeon Crawl Stone Soup version 0.30-a0-305-g026cb31310 (webtiles) character file.

Game seed: 14212018517154017460

37 rogsnak the Magician (level 3, -2/19 HPs)
             Began as a Deep Elf Hedge Wizard on Oct 23, 2022.
             Slain by an orc wizard
             ... wielding a +0 dagger
              (3 damage)
             ... on level 2 of the Dungeon.
             The game lasted 00:02:48 (2260 turns).

rogsnak the Magician (Deep Elf Hedge Wizard)        Turns: 2260, Time: 00:02:49

Health: -2/19      AC:  2    Str:  7    XL:     3   Next: 21%
Magic:  5/11       EV: 13    Int: 20    God:
Gold:   130        SH:  0    Dex: 14    Spells: 11/12 levels left

rFire   . . .      SeeInvis .    j - +0 spear
rCold   . . .      Faith    .    (no shield)
rNeg    . . .      Spirit   .    b - +0 robe
rPois   .          Reflect  .    c - +0 hat
rElec   .          Harm     .    (no cloak)
rCorr   .          Rampage  .    (no gloves)
Will    .....                    (no boots)
Stlth   +.........               (no amulet)
HPRegen 0.23/turn                (no ring)
MPRegen 0.12/turn                (no ring)

@: confused
A: no striking features
a: no special abilities


You were on level 2 of the Dungeon.
You visited 1 branch of the dungeon, and saw 3 of its levels.

You collected 130 gold pieces.

Inventory:

Hand Weapons
 a - a +0 dagger
 j - a +0 spear (weapon)
Missiles
 e - 9 poisoned darts
 f - 9 stones
Armour
 b - a +0 robe (worn)
 c - a +0 hat (worn)
Jewellery
 n - a ring of positive energy
 p - a ring of flight
Scrolls
 g - a scroll of identify {unknown}
 h - 2 scrolls of enchant weapon {unknown}
 o - a scroll of fog {unknown}
 q - a scroll of teleportation {unknown}
Potions
 d - a potion of magic
 i - a potion of brilliance {unknown}
 k - 3 potions of heal wounds {unknown}
 l - 2 potions of cancellation {unknown}
 m - 2 potions of mutation {unknown}
 r - a potion of curing {unknown}


   Skills:
 + Level 0.1 Polearms
 + Level 2.9 Dodging
 + Level 2.7 Stealth
 + Level 5.4 Spellcasting
 + Level 1.5 Conjurations
 + Level 1.1 Summonings
 + Level 1.1 Translocations


You had 11 spell levels left.
You knew the following spells:

 Your Spells              Type           Power      Damage    Failure   Level
a - Magic Dart            Conj           44%        1d5       6%          1

Your spell library contained the following spells:

 Spells                   Type           Power      Damage    Failure   Level
 Slow                     Hex            20%        N/A       11%         1
 Blink                    Tloc           18%        N/A       11%         2
 Call Imp                 Summ           9%         N/A       11%         2
 Cigotuvi's Dreadful Rot  Necr/Pois/Air  10%        N/A       17%         2
 Mephitic Cloud           Conj/Pois/Air  7%         N/A       26%         3


Dungeon Overview and Level Annotations

Branches:
Dungeon (3/15)

Altars:


Message History

Unknown command.
Casting: Magic Dart (safe; 6% risk of failure)
Confirm with . or Enter, or press ? or * to list all spells.
Aiming: Magic Dart (safe; 6% risk of failure)
Press: ? - help, Shift-Dir - straight line, f/p - rat
Aim: a rat (100% to hit)
The magic dart hits the rat but does no damage.
The orc wizard gestures at you while chanting.
You resist with some effort. The rat bites you.
* * * LOW HITPOINT WARNING * * *
Unknown command.
Casting: Magic Dart (safe; 6% risk of failure)
Confirm with . or Enter, or press ? or * to list all spells.
Aiming: Magic Dart (safe; 6% risk of failure)
Press: ? - help, Shift-Dir - straight line, f/p - rat
Aim: a rat (100% to hit)
The magic dart hits the rat.
The rat is heavily wounded.
The orc wizard points at you and mumbles some strange words.
You are confused.
The rat barely misses you.
Unknown command.
The rat attacks as you move away! The rat misses you.
The orc wizard points at you and mumbles some strange words.
You are more confused.
You miss the orc wizard.
The orc wizard hits you but does no damage.
The rat completely misses you. The rat attacks as you move away!
The rat barely misses you.
The orc wizard hits you with a +0 dagger.
* * * LOW HITPOINT WARNING * * *
Your magical contamination has completely faded away.
You bump into the rock wall.
The orc wizard hits you but does no damage.
The rat misses you.
You hit the orc wizard.
You punch the orc wizard, but do no damage.
The orc wizard is lightly wounded.
The orc wizard hits you with a +0 dagger.
You die...

#.......#.##<##.### #.#
#...#####....<....# ####.#
#..)# ###...###.# #.....
#...# #.#..##.########
#.##..
#...#######.......##.....#
#.###.
........)..#...#..##.....#
#.##..
...............#.........#
#.##.#
...........#.#...###.....#
#.....
#...########....@........#
####.# #...#
#...ro...###########.#
#...###
#..>.....<.#.......#.#
......#
##.......#.#.#####.#.#
....#.#
#.......#.#.#####.#.#
....#.#
#..............##.#.#
....#.#
#.......#.#.#...#.#.#
.####.#
####.####.#.........#
.##.#.# #......#.......###


You could see an orc wizard and a rat.

Vanquished Creatures
  A dart slug (D:2)
  An orc (D:3)
  4 endoplasms
  3 giant cockroaches
  A goblin (D:1)
  2 hobgoblins
  4 jackals (D:1)
  3 ball pythons
  5 bats
  2 frilled lizards
  2 kobolds
  3 rats
31 creatures vanquished.

Notes
Turn   | Place    | Note
-------+----------+-------------------------------------------
     0 | D:1      | rogsnak the Deep Elf Hedge Wizard began the quest for the
                  | Orb.
     0 | D:1      | Reached XP level 1. HP: 10/10 MP: 7/7
   266 | D:1      | Reached XP level 2. HP: 13/15 MP: 0/9
   371 | D:1      | Reached skill level 5 in Spellcasting
  1735 | D:2      | Reached XP level 3. HP: 19/19 MP: 9/11
  2260 | D:2      | Slain by an orc wizard

Illustrated notes

Levels and vault maps discovered:
D:1:      ebering_trefoil_3fold, layout_loops_corners, minmay_tree_intersection
D:2:      layout_loops_cross
D:3:      layout_basic, nicolae_overflow_hidden_temple,
          kiku_gazebo_garden_becter

Skill      XL: |  1  2 |
---------------+-------+-----
Spellcasting   | 5 |  5.4
Polearms       | |  0.1
Dodging        | |  2.9
Stealth        | |  2.7
Conjurations   | |  1.5
Summonings     | |  1.1
Translocations | |  1.1

Action                   || total
-------------------------++-------
Melee: Dagger            ||     7
       Spear             ||    11
       Punch             ||     1
 Cast: Magic Dart        ||    75
Armor: Robe              ||     8
Dodge: Dodged            ||    16

Table legend: (Time is in decaauts)
 A = Elapsed time spent in this place.
 B = Non-inter-level travel time spent in this place.
 C = Inter-level travel time spent in this place.
 D = Time resting spent in this place.
 E = Time spent auto-exploring this place.
 F = Levels seen in this place.
 G = Mean time per level.
                   A        B        C        D        E       F      G
               +--------+--------+--------+--------+--------+-----+--------+
         Total |   2260 |   2194 |     66 |      9 |   1970 |   3 |  753.3 |
       Dungeon |   2260 |   2194 |     66 |      9 |   1970 |   3 |  753.3 |
               +--------+--------+--------+--------+--------+-----+--------+

Top non-repeatable levels by time:
     D:1: 1268 daAuts
     D:2: 985 daAuts
     D:3: 6 daAuts
